Map: Sludge City

Players

Tenonee

  • Race: Zerg Zerg
  • League: Platinum
  • Spawn Location: 5:00

KMARINES

  • Race: Terran Terran
  • Spawn Location: 5:00

Giggles - Winner!

  • Race: Zerg Zerg
  • Spawn Location: 11:00

Chuckles - Winner!

  • Race: Zerg Zerg
  • Spawn Location: 9:00

VOD

Have the link to the VOD?

Description

Time

  • Played on: July 24, 2016, 4:38 a.m.
  • Length: 11:37
Show
View Real Time Build Order
Export as new Build Order

Tenonee Zerg 

Build Orders: Hatch First 

Get SALT Encoding   

  12  0:01  Drone  
  13  0:09  Drone  
  14  0:39  Hatchery  
  13  0:43  Drone  
  13  0:44  Extractor  
  13  0:59  Spawning Pool  
  12  1:08  Overlord  
  12  1:14  Drone  
  13  1:23  Drone  
  14  1:31  Drone x2  
  16  1:47  Metabolic Boost  
  16  2:06  Queen  
  18  2:09  Queen  
  20  2:19  Drone  
  20  2:20  Drone x3  
  24  2:26  Overlord  
  24  2:33  Overlord  
  24  2:49  Zergling x8  
  28  2:54  Zergling x4  
  30  3:05  Zergling x4  
  32  3:18  Zergling x4  
  32  3:19  Zergling x10  
  38  3:30  Zergling x4  
  40  3:42  Lair  
  40  3:43  Roach Warren  
  40  3:47  Zergling x6  
  40  3:48  Zergling x4  
  43  3:56  Overlord x2  
  43  4:06  Drone  
  43  4:31  Hatchery  
  42  4:37  Drone x2  
  42  4:38  Drone x9  
  51  4:42  Queen  
  53  5:01  Evolution Chamber  
  53  5:02  Evolution Chamber  
  53  5:05  Extractor  
  53  5:06  Extractor  
  49  5:10  Drone x4  
  49  5:11  Drone x3  
  54  5:29  Zerg Ground Armor Level 1  
  54  5:30  Zerg Missile Weapons Level 1  
  53  5:40  Extractor  
  50  5:53  Glial Reconstitution  
  50  5:55  Drone x3  
  53  6:00  Drone x2  
  53  6:01  Drone x3  
  58  6:06  Overlord x3  
  56  6:18  Overlord x2  
  56  6:22  Spore Crawler  
  56  6:23  Spore Crawler  
  56  6:24  Queen  
  56  6:25  Queen x2  
  56  6:27  Drone x2  
  56  6:28  Drone x5  
  67  6:39  Drone  
  69  6:40  Drone  
  68  6:48  Spore Crawler  
  68  6:52  Spore Crawler  
  68  6:54  Spore Crawler  
  65  7:00  Queen  
  67  7:03  Drone x2, Hydralisk Den  
  67  7:07  Roach  
  67  7:08  Roach x6  
  82  7:18  Roach x3  
  88  7:32  Zerg Missile Weapons Level 2, Zerg Ground Armor Level 2  
  88  7:34  Lurker Den  
  88  7:39  Roach  
  88  7:41  Roach  
  88  7:42  Overlord x2  
  88  7:44  Overlord  
  83  7:56  Drone  
  83  7:57  Drone  
  85  8:04  Hydralisk x5  
  92  8:15  Infestation Pit  
  92  8:16  Ravager x2  
  93  8:23  Drone x4  
  93  8:25  Drone  
  93  8:26  Drone x5, Extractor  
  93  8:27  Drone, Extractor  
  102  8:35  Hydralisk x3  
  108  9:06  Hydralisk  
  108  9:07  Hydralisk  
  108  9:08  Hatchery  
  111  9:10  Overlord x3  
  111  9:16  Hive  
  111  9:28  Hydralisk  
  111  9:29  Hydralisk x8  
  127  9:50  Hydralisk x2  
  127  9:51  Hydralisk x4  
  136  9:56  Muscular Augments  
  136  10:02  Hatchery  
  136  10:03  Overlord x3  
  122  10:55  Hydralisk x4, Roach x3  
  122  10:56  Hydralisk x2, Roach x4  
  126  10:57  Roach x2  
  126  11:02  Lurker  
  126  11:03  Lurker  
Show
View Real Time Build Order
Export as new Build Order

KMARINES Terran 

Build Orders: Reaper Expand, MMM Bio 

Get SALT Encoding   

  12  0:21  SCV  
  13  0:30  Supply Depot  
  13  0:33  SCV  
  14  0:45  SCV  
  15  0:54  Barracks  
  15  0:58  SCV  
  15  1:00  Refinery  
  16  1:10  SCV  
  17  1:22  SCV  
  18  1:34  SCV  
  19  1:40  Command Center  
  19  1:44  Reaper  
  21  1:48  Orbital Command  
  20  1:56  Barracks  
  20  2:02  Barracks  
  20  2:08  Barracks  
  20  2:15  SCV  
  21  2:26  Supply Depot  
  21  2:27  SCV  
  22  2:30  Barracks Tech Lab  
  22  2:39  SCV  
  22  2:41  Barracks  
  23  2:51  SCV  
  24  2:59  Marine  
  24  3:00  Marine x3  
  24  3:03  SCV  
  28  3:13  Stimpack  
  28  3:15  SCV  
  28  3:17  Marine  
  28  3:18  Orbital Command  
  28  3:19  Marauder  
  32  3:24  Barracks Tech Lab, Barracks Reactor  
  32  3:28  Marine, SCV  
  34  3:35  Marine  
  34  3:36  Refinery  
  34  3:40  Marauder, SCV  
  38  3:42  Supply Depot  
  38  3:44  SCV  
  39  3:52  Concussive Shells, SCV  
  39  3:53  Marauder  
  42  3:56  SCV  
  42  4:02  Marauder  
  45  4:04  SCV  
  46  4:16  SCV  
  47  4:18  Refinery  
  47  4:21  Command Center  
  47  4:22  Engineering Bay, SCV  
  48  4:28  SCV  
  48  4:30  Barracks Reactor  
  48  4:31  Barracks Reactor  
  49  4:33  Marauder x2  
  53  4:40  SCV  
  54  4:48  Supply Depot  
  54  4:49  Supply Depot  
  54  4:52  Factory  
  54  5:02  Combat Shields  
  54  5:10  Marauder, Marine x3, SCV x2  
  61  5:16  Supply Depot  
  61  5:18  Missile Turret  
  61  5:19  Refinery  
  61  5:22  SCV x2  
  61  5:25  Marine x2  
  61  5:27  Marine x2  
  61  5:28  Marine x3  
  70  5:34  SCV x2  
  72  5:46  SCV x2  
  74  5:51  Marine x2, Marauder  
  78  5:58  SCV  
  78  5:59  Factory Reactor, Starport  
  78  6:02  SCV  
  80  6:10  Factory  
  80  6:14  SCV  
  80  6:15  Marine x4  
  85  6:24  Missile Turret  
  85  6:34  Marine  
  85  6:35  Marine x4  
  90  6:45  Planetary Fortress  
  90  6:49  Missile Turret  
  90  6:57  Missile Turret  
  90  7:00  Missile Turret, SCV  
  91  7:03  Factory Reactor  
  91  7:04  Missile Turret  
  87  7:12  SCV  
  87  7:14  Missile Turret  
  89  7:15  SCV  
  65  7:24  SCV  
  65  7:27  SCV, Marine x6, Marauder  
  65  7:28  Marine  
  76  7:30  Medivac  
  76  7:31  Medivac  
  76  7:32  Factory Tech Lab  
  76  7:36  SCV  
  81  7:37  SCV  
  81  7:39  SCV  
  83  7:45  Marine x2  
  83  7:46  Marauder  
  83  7:48  SCV  
  83  7:49  SCV  
  89  7:52  SCV  
  89  7:53  Sensor Tower  
  89  7:54  Missile Turret  
  89  7:55  Missile Turret  
  90  8:00  Marine x3  
  93  8:24  Armory  
  93  8:28  Supply Depot x2  
  93  8:30  Supply Depot  
  93  8:38  Marine, SCV  
  93  8:43  Marine  
  93  8:49  Widow Mine x2, Marine x5, SCV  
  93  8:50  Marauder  
  93  8:55  Missile Turret  
  105  8:56  Marine  
  105  8:57  Missile Turret x2, Sensor Tower  
  105  8:58  Missile Turret  
  105  9:00  Missile Turret  
  105  9:01  Marine, SCV  
  108  9:05  Missile Turret  
  108  9:07  Marine  
  109  9:14  Supply Depot  
  109  9:15  Missile Turret  
  109  9:16  SCV  
  109  9:17  Marine  
  109  9:19  Supply Depot  
  109  9:23  Widow Mine x2, Marine x3  
  116  9:28  SCV  
  117  9:38  Command Center  
  117  9:39  Missile Turret  
  117  9:41  Missile Turret  
  117  9:43  Drilling Claws  
  117  9:46  Missile Turret, Medivac x2  
  121  9:56  Missile Turret, Sensor Tower  
  121  10:03  SCV  
  121  10:04  Marauder  
  124  10:08  Engineering Bay  
  119  10:15  SCV  
  79  10:22  Marine x2  
  79  10:23  Marine x5  
  79  10:25  Marine  
  79  10:27  SCV  
  85  10:32  Factory Reactor  
  85  10:33  Medivac  
  85  10:34  Medivac  
  84  10:37  Supply Depot  
  84  10:40  Marine x4  
  84  10:41  Marine x3  
  91  10:43  Marine, SCV  
  93  10:55  SCV  
  94  10:58  Marine x4  
  94  10:59  Marine x2, Marauder  
  94  11:01  Marauder  
  104  11:04  Siege Tank  
  111  11:16  Marine x5  
Show
View Real Time Build Order
Export as new Build Order

Giggles Zerg - Winner!

Build Orders: Hatch First, Muta Ling Bane 

Get SALT Encoding   

  12  0:01  Drone  
  13  0:09  Drone  
  14  0:18  Overlord  
  14  0:37  Drone x3  
  17  1:01  Hatchery  
  16  1:10  Spawning Pool  
  16  1:11  Drone  
  16  1:16  Extractor  
  15  1:28  Drone x2  
  15  1:29  Drone  
  18  1:40  Overlord  
  18  1:57  Queen, Zergling x2  
  21  2:13  Queen  
  23  2:17  Zergling x6  
  23  2:19  Metabolic Boost  
  26  2:26  Zergling x2  
  26  2:27  Zergling x2  
  28  2:34  Drone  
  29  2:38  Queen  
  31  2:46  Drone x2  
  33  2:53  Drone  
  34  3:01  Drone x2  
  34  3:02  Lair  
  34  3:05  Extractor, Drone  
  36  3:12  Overlord  
  35  3:36  Zergling x14  
  35  3:37  Zergling x2  
  43  3:54  Overlord  
  43  3:55  Overlord  
  43  4:04  Drone  
  43  4:13  Drone x5, Spire  
  43  4:14  Drone x2  
  49  4:19  Drone  
  49  4:20  Drone x2, Extractor  
  49  4:23  Drone  
  52  4:27  Drone  
  53  4:32  Drone x3  
  53  4:34  Extractor  
  55  4:47  Drone x2  
  56  4:57  Drone x2  
  57  5:00  Drone x3  
  57  5:03  Hatchery, Overlord  
  57  5:06  Overlord  
  59  5:26  Mutalisk x2  
  59  5:27  Mutalisk x4  
  71  5:30  Mutalisk  
  73  5:36  Evolution Chamber x2, Mutalisk  
  73  5:49  Mutalisk  
  74  5:54  Zergling x2  
  74  5:55  Zergling x2  
  76  5:57  Overlord x2  
  76  6:00  Overlord x2  
  76  6:15  Mutalisk x2  
  76  6:17  Mutalisk  
  82  6:19  Zergling x6  
  82  6:20  Overlord  
  82  6:23  Mutalisk  
  87  6:31  Mutalisk  
  89  6:48  Drone x6  
  89  6:49  Drone x2  
  89  6:53  Drone  
  98  6:55  Zerg Melee Weapons Level 1, Zerg Ground Armor Level 1  
  98  6:58  Drone  
  98  6:59  Drone  
  98  7:11  Mutalisk  
  98  7:13  Zergling x4  
  88  7:24  Zergling x4  
  88  7:25  Zergling x10  
  88  7:28  Drone  
  88  7:29  Drone x3  
  97  7:33  Zergling x2  
  97  7:34  Zergling x2  
  98  7:38  Extractor x2, Infestation Pit  
  98  7:39  Mutalisk x2  
  98  7:41  Zergling x4  
  101  7:50  Drone x3  
  104  7:51  Zerg Flyer Weapons Level 1  
  104  7:56  Extractor  
  103  7:59  Zergling x10  
  103  8:00  Zergling x6  
  103  8:04  Hatchery  
  111  8:06  Mutalisk x2  
  111  8:09  Drone  
  116  8:13  Drone x2, Spore Crawler  
  116  8:14  Drone  
  116  8:16  Hive  
  118  8:23  Mutalisk  
  118  8:24  Overlord  
  118  8:25  Overlord x3  
  120  8:32  Mutalisk  
  122  8:44  Mutalisk  
  122  8:48  Zergling x10  
  127  8:49  Zergling x2  
  127  8:54  Zerg Melee Weapons Level 2  
  127  8:55  Baneling Nest  
  129  8:56  Zergling x8  
  129  8:57  Zergling x12  
  139  9:05  Drone x2  
  141  9:17  Hatchery  
  141  9:18  Mutalisk  
  141  9:23  Overlord  
  142  9:24  Queen  
  142  9:25  Drone  
  142  9:26  Drone x6  
  142  9:27  Drone  
  142  9:31  Ultralisk Cavern  
  151  9:39  Overlord  
  151  9:40  Overlord x5  
  151  9:48  Overseer  
  151  9:52  Centrifical Hooks  
  151  9:53  Zergling x4  
  151  9:54  Extractor x2, Zergling x12  
  144  10:16  Mutalisk x6  
  144  10:18  Mutalisk  
  150  10:22  Mutalisk  
  150  10:27  Mutalisk  
  154  10:33  Overseer  
  153  10:47  Mutalisk x2  
Show
View Real Time Build Order
Export as new Build Order

Chuckles Zerg - Winner!

Build Orders: Hatch First 

Get SALT Encoding   

  12  0:01  Drone  
  13  0:13  Overlord  
  13  0:17  Drone  
  14  0:33  Drone x2  
  16  0:36  Drone  
  17  0:55  Hatchery  
  16  0:57  Drone  
  17  1:12  Spawning Pool  
  17  1:13  Drone  
  17  1:16  Drone  
  18  1:19  Drone  
  18  1:24  Extractor  
  18  1:31  Drone  
  19  1:42  Overlord  
  19  1:59  Zergling x2  
  20  2:02  Drone, Roach Warren  
  20  2:06  Queen  
  20  2:07  Queen  
  24  2:11  Drone  
  24  2:14  Drone  
  26  2:31  Drone  
  26  2:35  Drone  
  28  2:43  Roach x3  
  33  2:47  Overlord  
  33  2:53  Overlord  
  33  2:56  Lair  
  33  3:00  Extractor  
  32  3:14  Extractor  
  32  3:18  Drone x5  
  36  3:20  Drone x3  
  36  3:21  Drone  
  40  3:30  Overlord  
  40  3:33  Roach x2  
  44  3:38  Roach  
  46  3:44  Overlord  
  46  3:49  Roach x3  
  52  4:01  Glial Reconstitution  
  52  4:06  Roach x2  
  52  4:07  Roach  
  58  4:13  Overlord  
  58  4:17  Overlord  
  58  4:24  Drone  
  59  4:31  Roach  
  59  4:32  Roach x2  
  64  4:40  Overlord  
  64  4:43  Roach x4  
  72  4:55  Roach x2  
  76  5:04  Roach  
  76  5:05  Roach x5  
  88  5:08  Spore Crawler  
  88  5:12  Drone  
  88  5:26  Hatchery  
  87  5:30  Drone x5  
  82  5:49  Roach x5  
  86  5:57  Ravager x5  
  87  6:00  Drone, Extractor  
  87  6:01  Drone  
  87  6:02  Overlord x2  
  92  6:05  Overlord  
  92  6:23  Evolution Chamber  
  92  6:24  Infestation Pit  
  90  6:27  Drone x4  
  90  6:28  Drone x2  
  90  6:30  Evolution Chamber  
  95  6:38  Queen  
  97  6:46  Drone  
  101  6:47  Drone x5  
  101  6:49  Drone x2  
  105  6:56  Zerg Missile Weapons Level 1  
  101  7:16  Zerg Ground Armor Level 1  
  99  7:24  Roach x10  
  114  7:37  Queen  
  115  7:48  Spore Crawler  
  115  7:50  Extractor x2, Hive  
  112  7:52  Pathogen Glands  
  112  8:00  Drone  
  112  8:01  Drone x9  
  112  8:05  Overlord x2  
  122  8:20  Overlord x2  
  122  8:37  Infestor x3  
  122  8:38  Infestor x3  
  134  8:47  Overlord x2  
  134  8:50  Hatchery  
  134  8:55  Zerg Missile Weapons Level 2  
  133  9:12  Overlord x3  
  133  9:21  Zerg Ground Armor Level 2  
  133  9:25  Drone x3  
  136  9:31  Ravager  
  136  9:32  Ravager x5  
  136  9:34  Roach x3  
  148  9:46  Drone x9  
  148  9:47  Drone, Extractor  
  148  9:49  Extractor  
  156  10:03  Roach  
  156  10:04  Roach x8  
  174  10:11  Queen  
  176  10:18  Overlord x2  
  176  10:19  Roach  
  176  10:20  Roach x2  
  179  10:40  Hatchery  
  174  10:58  Roach x8  
  174  10:59  Roach x5  
Tags
 
Add a new tag
Caveats
  • Supply blocks, unpowered buildings, or Contaminate may cause inaccurate times.
  • Supply counts are checked every 10 seconds.